 Dungeon Crawl Stone Soup version 0.32-a0-42-ga30500b4d3 (webtiles) character file.

Game seed: 12183138854678907013

7581 PriceMaster the Arsonist (level 11, -13/64 HPs)
             Began as an Octopode Fire Elementalist on Feb 2, 2024.
             Was an Initiate of Qazlal.
             Killed by an exploding queen bee (15 damage)
             ... ignited by their inner flame
             ... on level 9 of the Dungeon.
             The game lasted 00:40:09 (15375 turns).

PriceMaster the Arsonist (OpFE)                    Turns: 15375, Time: 00:40:09

Health: -13/64     AC:  6    Str:  7    XL:     11   Next: 17%
Magic:  0/24       EV: 14    Int: 25    God:    Qazlal [......]
Gold:   556        SH:  0    Dex: 13    Spells: 7/29 levels left

rFire   + . .        e - +3 Elemental Staff {ele, rElec rF+ rC+ AC+3}
rCold   . . .        h - orb {guile}
rNeg    . . .        (helmet restricted)
rPois   +            B - amulet of regeneration
rElec   +            f - ring of resist corrosion
rCorr   +            g - ring of fire
SInv    +            n - ring of resist corrosion
Will    .....        u - +4 ring of slaying
Stlth   ++++         b - ring "Nudempaa" {rPois rF- Int+3 SInv}
HPRegen 1.10/turn    (no ring)
MPRegen 0.19/turn    (no ring)
                     (no ring)

%: no passive effects
@: sluggish, very slow
A: almost no armour, amphibious, 8 rings, camouflage 1, gelatinous body 1,
(nimble swimmer 1), tentacles, iridescent scales 1, persistent drain
a: Renounce Religion


You were on level 9 of the Dungeon.
You worshipped Qazlal.
Qazlal was noncommittal.
You visited 2 branches of the dungeon, and saw 10 of its levels.

You collected 556 gold pieces.

Inventory:

Hand Weapons
 a - a +3 trident of draining
 c - a +1 dagger
 d - a +0 spear
 e - the +3 Elemental Staff (weapon) {ele, rElec rF+ rC+ AC+3}
   (You acquired it on level 1 of the Dungeon)

   AC+3:      It affects your AC (+3).
   rF+:       It protects you from fire.
   rC+:       It protects you from cold.
   rElec:     It insulates you from electricity.
 v - a +0 whip
Missiles
 r - a throwing net
Armour
 h - an orb of guile (worn)
Jewellery
 b - the ring "Nudempaa" (on tentacle) {rPois rF- Int+3 SInv}
   (You found it on level 5 of the Dungeon)

   [ring of poison resistance]

   Int+3:     It affects your intelligence (+3).
   rF-:       It makes you vulnerable to fire.
   rPois:     It protects you from poison SInv: It lets you see invisible.
 f - a ring of resist corrosion (left tentacle)
 g - a ring of fire (right tentacle)
 n - a ring of resist corrosion (on tentacle)
 u - a +4 ring of slaying (on tentacle)
 B - an amulet of regeneration (around mantle)
Talismans
 s - a granite talisman
Wands
 w - a wand of polymorph (9)
 x - a wand of flame (13)
Scrolls
 j - a scroll of enchant armour
 o - a scroll of noise
Potions
 k - a potion of lignification
 p - a potion of attraction
 C - 3 potions of enlightenment


   Skills:
 + Level 1.7 Fighting
 + Level 0.2(1.7) Polearms
 + Level 2.8(2.9) Staves
 + Level 3.5 Dodging
 + Level 5.9 Stealth
 + Level 9.8 Spellcasting
 + Level 4.1 Conjurations
 + Level 2.3 Hexes
 + Level 1.7 Summonings
 + Level 3.1 Translocations
 + Level 10.0 Fire Magic
 + Level 2.4 Air Magic
 + Level 1.1 Evocations


You had 7 spell levels left.
You knew the following spells:

 Your Spells              Type           Power      Damage    Failure   Level
a - Foxfire               Conj/Fire      100%       2x1d9     1%          1
b - Scorch                Fire           100%       2d9       1%          2
c - Inner Flame           Hex/Fire       78%        N/A       1%          3
d - Swiftness             Air            36%        N/A       5%          3
e - Flame Wave            Conj/Fire      82%        2d18      2%          4
f - Volatile Blastmotes   Fire/Tloc      100%       2d18      1%          3
g - Blink                 Tloc           56%        N/A       1%          2
h - Summon Blazeheart Go  Fire/Summ      76%        N/A       4%          4

Your spell library contained the following spells:

 Spells                   Type           Power      Damage    Failure   Level
 Lesser Beckoning         Tloc           56%        N/A       1%          2
 Momentum Strike          Conj/Tloc      60%        3d9       1%          2
 Ensorcelled Hibernation  Hex/Ice        54%        N/A       4%          2
 Passwall                 Erth           18%        N/A       16%         3
 Starburst                Conj/Fire      41%        6d12      38%         6
 Plasma Beam              Fire/Air       49%        2x1d63    52%         6
 Summon Hydra             Summ           10%        N/A       100%        7


Dungeon Overview and Level Annotations

Branches:
Dungeon (9/15)             Temple (1/1) D:6            Lair (0/5) D:8
    Orc: D:9-12

Altars:
Ashenzari
Cheibriados
Dithmenos
Elyvilon
Fedhas
Gozag
Kikubaaqudgha
Makhleb
Nemelex Xobeh
Okawaru
Qazlal
Ru
Sif Muna
Trog
Uskayaw
Wu Jian
Xom
Yredelemnul
Zin
The Shining One

Shops:
D:3 *   D:6 !


Innate Abilities, Weirdness & Mutations

You cannot wear most types of armour.
You are amphibious.
You can wear up to eight rings at the same time.
Your skin changes colour to match your surroundings (Stealth+).
Your rubbery body absorbs attacks. (AC +1, EV +1)
((You are camouflaged when in or above water. (Stealth+)))
You have tentacles for arms and can constrict up to eight enemies at once.
You are partially covered in iridescent scales. (AC +2)
Your health recovers twice as slowly from being drained.


Message History

Casting: Foxfire (safe; 1% risk of failure)
Confirm with . or Enter, or press ? or * to list all spells.
You don't have enough magic to cast this spell.
Okay, then.
Casting: Foxfire (safe; 1% risk of failure)
Confirm with . or Enter, or press ? or * to list all spells.
You feel a strong surge of power!
You conjure some foxfire!
The queen bee stings you.
* * * LOW HITPOINT WARNING * * *
The yak is engulfed in poison gas.
The yak is poisoned.
The yak misses you. The yak barely misses you.
Casting: Foxfire (safe; 1% risk of failure)
Confirm with . or Enter, or press ? or * to list all spells.
You don't have enough magic to cast this spell.
As you read the scroll labelled DABBACA NAMU, it crumbles to dust.
The creatures around you are filled with an inner flame!
It was a scroll of immolation.
The foxfire hits the yak!
Flame seeps out of the yak.
The yak is heavily wounded.
The foxfire hits the queen bee.
Flame seeps out of the queen bee.
The queen bee is heavily wounded.
The yak is engulfed in poison gas.
The yak looks even sicker.
Flame seeps out of the yak.
The yak barely misses you.
The queen bee is engulfed in blazing flames.
Flame seeps out of the queen bee.
The queen bee stings you!
* * * LOW HITPOINT WARNING * * *
The yak is engulfed in blazing flames.
Flame seeps out of the yak.
As you read the scroll labelled XUASTR BUIGAO, it crumbles to dust.
It is a scroll of amnesia.
Okay, then.
Flame seeps out of the yak. x2
The queen bee is engulfed in blazing flames.
Qazlal accepts your kill.
The queen bee explodes!
The fiery explosion engulfs the yak!!
Qazlal accepts your kill.
The fiery explosion engulfs the yak!!!
Qazlal accepts your kill. The fiery explosion engulfs you! You resist.
You die...

..# # #.....# #........# ..#
#.....# ###.###### .## ###+###
#.. §# #.§☼# ##.# ## ######§##
###+#### # #§§§§§☼§# #......#
Y...# #§§§§§§§#### #......#
....# #§§§☼§○Y§§§###......#
....######§§§.§§@##..##......#
....##.Y÷§§§.☼☼○§###..'....>.#
....#.Y###§§§§§§§# ####......#
.Y.YY.## #☼§§§§§§# ####'###
....### #§§§9§§§# #..# #+##
##+###### ##.# #.# #.#
#####'##


You could see a yak (inner flame, poisoned) and a friendly blazeheart golem
(summoned, paralysed).

Vanquished Creatures
  The ghost of anacleto the Mimic, a novice TrSh of Qazlal (D:8)
  Pikel (D:8)
  An ugly thing (D:6)
  A gargoyle (D:7)
  Jeremiah (D:8)
  Maggie (D:8)
  A queen bee (D:9)
  Prince Ribbit (D:8)
  Sigmund (D:5)
  A basilisk (D:6)
  8 yaks
  Eustachio (D:5)
  A steam dragon (D:8)
  5 water moccasins
  3 orc warriors
  A sky beast (D:7)
  2 ice beasts (D:5)
  3 black bears
  An ogre (D:4)
  A centaur (D:9)
  2 phantoms
  A lemure (D:8)
  2 kobold brigands
  2 bullfrogs
  A scorpion (D:6)
  14 wights
  A bombardier beetle (D:4)
  4 orc priests
  2 hounds
  A sleepcap (D:6)
  A jelly (D:6)
  6 iguanas
  7 orc wizards
  9 gnolls
  6 adders
  A shadow imp (D:8)
  A white imp (D:6)
  2 ufetubi (D:5)
  A dart slug (D:1)
  A ribbon worm (D:3)
  22 orcs
  8 ball pythons
  6 endoplasms
  3 giant cockroaches
  5 goblins
  6 hobgoblins
  2 jackals (D:2)
  3 quokkas
  10 bats
  2 frilled lizards
  7 kobolds
  10 rats
185 creatures vanquished.

Vanquished Creatures (collateral kills)
  A yak (D:9)
  A kobold (D:9)
2 creatures vanquished.

Vanquished Creatures (others)
  A blazeheart core (D:9)
  325 foxfires
326 creatures vanquished.

Grand Total: 513 creatures vanquished

Notes
Turn   | Place    | Note
-------+----------+-------------------------------------------
     0 | D:1      | PriceMaster the Octopode Fire Elementalist began the quest
                  | for the Orb.
     0 | D:1      | Reached XP level 1. HP: 11/11 MP: 3/3
   402 | D:1      | Reached XP level 2. HP: 17/17 MP: 5/5
   414 | D:1      | Learned a level 2 spell: Scorch
  1166 | D:1      | Reached XP level 3. HP: 21/21 MP: 0/6
  1252 | D:1      | Identified a scroll of acquirement
  1252 | D:1      | Acquired the +3 Elemental Staff {ele, rElec rF+ rC+ AC+3}
  1252 | D:1      | Found the +3 Elemental Staff {ele, rElec rF+ rC+ AC+3}
  1667 | D:2      | Found a sparkling altar of Nemelex Xobeh.
  1920 | D:2      | Reached XP level 4. HP: 27/27 MP: 4/7
  2015 | D:3      | Found a snail-covered altar of Cheibriados.
  2020 | D:3      | Found a shadowy altar of Dithmenos.
  2029 | D:3      | Found Zin's Purification Station.
  2029 | D:3      | Found a glowing silver altar of Zin.
  2162 | D:3      | Found a faded altar of an unknown god.
  2809 | D:3      | Noticed a phantom
  2816 | D:3      | Killed a phantom
  2817 | D:3      | Reached XP level 5. HP: 31/31 MP: 0/9
  3185 | D:4      | Reached skill level 4 in Fire Magic
  3190 | D:4      | Reached XP level 6. HP: 36/36 MP: 3/10
  3242 | D:4      | Found a broken altar of Ashenzari.
  3293 | D:4      | Reached skill level 1 in Staves
  3647 | D:4      | Reached XP level 7. HP: 41/41 MP: 6/13
  4000 | D:5      | Entered Level 5 of the Dungeon
  4032 | D:5      | Reached skill level 5 in Fire Magic
  4142 | D:5      | Found a shimmering blue altar of Sif Muna.
  4160 | D:5      | Noticed Sigmund
  4178 | D:5      | Killed Sigmund
  4178 | D:5      | HP: 1/41 [ice beast (9)]
  4179 | D:5      | Reached skill level 5 in Spellcasting
  4179 | D:5      | Reached XP level 8. HP: 1/47 MP: 1/15
  4241 | D:5      | Reached skill level 6 in Fire Magic
  4463 | D:5      | Identified the ring "Nudempaa" {rPois rF- Int+3 SInv}
  4834 | D:5      | Noticed Eustachio
  4848 | D:5      | Killed Eustachio
  4997 | D:5      | Reached skill level 1 in Evocations
  5642 | D:6      | Found Ygoph's Distillery.
  5706 | D:6      | Reached skill level 5 in Stealth
  5787 | D:6      | Learned a level 3 spell: Inner Flame
  5791 | D:6      | Learned a level 3 spell: Swiftness
  5851 | D:6      | Reached XP level 9. HP: 36/52 MP: 5/19
  5936 | D:6      | Reached skill level 1 in Fighting
  5987 | D:6      | Noticed a cyan ugly thing
  6010 | D:6      | Killed a cyan ugly thing
  6011 | D:6      | Reached skill level 7 in Fire Magic
  6357 | D:6      | Found a staircase to the Ecumenical Temple.
  6503 | D:6      | Gained mutation: You have an increased reservoir of magic.
                  | (+10% MP) [potion of mutation]
  6503 | D:6      | Gained mutation: You are frail. (-10% HP) [potion of
                  | mutation]
  6629 | D:6      | Lost mutation: You are frail. (-10% HP) [potion of
                  | mutation]
  6629 | D:6      | Lost mutation: You have an increased reservoir of magic.
                  | (+10% MP) [potion of mutation]
  6629 | D:6      | Gained mutation: Your health recovers twice as slowly from
                  | being drained. [potion of mutation]
  6629 | D:6      | Gained mutation: You are partially covered in iridescent
                  | scales. (AC +2) [potion of mutation]
  6670 | D:6      | Reached skill level 1 in Hexes
  6825 | D:6      | Learned a level 4 spell: Flame Wave
  7480 | D:6      | Identified the +0 leather armour of the Distant Future
                  | {Regen+}
  7546 | D:7      | Learned a level 3 spell: Volatile Blastmotes
  7679 | D:7      | Reached skill level 1 in Air Magic
  7689 | D:7      | Noticed a gargoyle
  7695 | D:7      | Reached skill level 8 in Fire Magic
  7710 | D:7      | Killed a gargoyle
  7711 | D:7      | Reached XP level 10. HP: 46/58 MP: 1/22
  8171 | D:7      | Reached skill level 1 in Translocations
  9765 | Temple   | Entered the Ecumenical Temple
  9782 | Temple   | Became a worshipper of Qazlal Stormbringer
 10336 | D:8      | Noticed Jeremiah
 10396 | D:8      | Noticed Pikel
 10413 | D:8      | Killed Pikel
 10737 | D:8      | Found a runed translucent gate.
 10737 | D:8      | Found a runed translucent gate.
 10737 | D:8      | Found a runed translucent gate.
 10739 | D:8      | Found an opulent altar of Gozag.
 10753 | D:8      | Found a staircase to the Lair.
 10936 | D:8      | Noticed Maggie
 10951 | D:8      | Killed Maggie
 10952 | D:8      | Reached skill level 9 in Fire Magic
 10979 | D:8      | Killed Jeremiah
 11670 | D:8      | Noticed Prince Ribbit
 11685 | D:8      | Killed Prince Ribbit
 12808 | D:8      | Noticed anacleto's ghost (novice TrSh)
 12884 | D:8      | Killed anacleto's ghost
 13221 | D:8      | Learned a level 2 spell: Blink
 13555 | D:8      | Acquired Ziewisk's Lectures on Allies
 13562 | D:8      | Learned a level 4 spell: Summon Blazeheart Golem
 13839 | D:9      | Reached XP level 11. HP: 64/64 MP: 9/24
 14302 | D:9      | Reached skill level 1 in Summonings
 15026 | D:9      | Reached skill level 10 in Fire Magic
 15374 | D:9      | HP: 1/64 [queen bee (14)]
 15375 | D:9      | Killed by an exploding queen bee... ignited by their inner
                  | flame

Illustrated notes

Levels and vault maps discovered:
D:1:      grunt_arrival_lava_bath, layout_basic, nicolae_hexahallways,
          st_stairs_10
D:2:      layout_rooms, basic_altar
D:3:      layout_rooms, zin_purify, mainiacjoe_overflow_catwalk_spiral,
          nicolae_ecumenical_snake_handling, nicolae_titane
D:4:      layout_basic, cheibrodos_ashenzari_chains, enter_ossuary_5,
          minmay_cut_off
D:5:      layout_basic, mainiacjoe_overflow_surrounded_room, uniq_eustachio,
          uniq_sigmund
D:6:      minmay_chambers_of_sixes, layout_loops_ring,
          minmay_temple_entry_statues_fountains, serial_shops,
          nicolae_shop_peninsula, palyth_stone_intersect
D:7:      layout_basic, kennysheep_generic_room_9
D:8:      layout_basic, lair_entry_dummy, ebering_ghost_gozag,
          minmay_misc_feat_ornament, uniq_maggie, uniq_jeremiah, uniq_pikel,
          uniq_prince_ribbit1
D:9:      layout_roguey, lemuel_tele_altar
Temple:   hellmonk_temple_of_storms

Skill      XL: |  1  2  3  4  5  6  7  8  9 10 11 |
---------------+----------------------------------+-----
Stealth        | 3 4 5 |  5.9
Spellcasting   | 3 4 5 6 8 9 |  9.8
Conjurations   | 2 3 4 |  4.1
Fire Magic     | 4 5 6 8 9 10 | 10.0
Staves         | 1 2 |  2.8
Dodging        | 3 |  3.5
Evocations     | 1 |  1.1
Fighting       | 1 |  1.7
Hexes          | 1 2 |  2.3
Air Magic      | 1 2 |  2.4
Translocations | 3 |  3.1
Summonings     | 1 |  1.7
Polearms       | |  0.2

Action                     |  1- 3 |  4- 6 |  7- 9 | 10-12 || total
---------------------------+-------+-------+-------+-------++-------
  Melee: Spear             |    28 |       |       |       ||    28
         Constrict         |     8 |     6 |     4 |     5 ||    23
         Dagger            |     3 |       |       |       ||     3
         Tentacles         |     8 |     9 |     7 |     8 ||    32
         Unarmed           |     2 |       |       |       ||     2
         Staff             |     5 |    24 |    28 |    39 ||    96
   Cast: Foxfire           |    33 |    42 |    67 |    58 ||   200
         Scorch            |    11 |    19 |    46 |    30 ||   106
         Inner Flame       |       |       |    13 |    31 ||    44
         Swiftness         |       |       |     8 |    11 ||    19
         Volatile Blastmot |       |       |     4 |    38 ||    42
         Flame Wave        |       |       |     1 |     3 ||     4
         Blink             |       |       |       |     5 ||     5
         Summon Blazeheart |       |       |       |     8 ||     8
  Evoke: Wand              |       |     2 |     5 |     2 ||     9
    Use: Scroll            |     4 |     2 |     8 |    13 ||    27
         Potion            |       |     2 |     8 |    11 ||    21
   Stab: Sleeping          |     5 |     2 |     1 |     1 ||     9
 Armour: Skin              |    12 |    17 |    52 |    77 ||   158
  Dodge: Dodged            |    23 |    19 |    44 |    59 ||   145
         Form:             |       |       |       |     1 ||     1
         Statue            |       |       |       |     1 ||     1

Table legend: (Time is in decaauts)
 A = Elapsed time spent in this place.
 B = Non-inter-level travel time spent in this place.
 C = Inter-level travel time spent in this place.
 D = Time resting spent in this place.
 E = Time spent auto-exploring this place.
 F = Levels seen in this place.
 G = Mean time per level.
                   A        B        C        D        E       F      G
               +--------+--------+--------+--------+--------+-----+--------+
         Total |  15387 |  15117 |    270 |   7262 |   5720 |  10 | 1538.7 |
       Dungeon |  15333 |  15080 |    253 |   7262 |   5720 |   9 | 1703.7 |
        Temple |     53 |     37 |     16 |      0 |      0 |   1 |   53.0 |
               +--------+--------+--------+--------+--------+-----+--------+

Top non-repeatable levels by time:
     D:8: 3974 daAuts
     D:6: 2442 daAuts
     D:7: 2202 daAuts
     D:9: 1543 daAuts
     D:1: 1290 daAuts
     D:5: 1166 daAuts
     D:4: 1088 daAuts
     D:3: 899 daAuts
     D:2: 725 daAuts
  Temple: 53 daAuts
